 Dungeon Crawl Stone Soup version 0.31.0-1-g2c135a0 (webtiles) character file.

Game seed: 14569151494633583421

28 Think the Trooper (level 3, 0/23 HPs)
             Began as an Octopode Fighter on Jan 23, 2024.
             Slain by Sigmund
             ... wielding a +0 scythe
              (2 damage)
             ... on level 2 of the Dungeon.
             The game lasted 00:02:26 (912 turns).

Think the Trooper (Octopode Fighter)                 Turns: 912, Time: 00:02:26

Health: 0/23       AC:  1    Str: 14    XL:     3   Next: 12%
Magic:  3/3        EV: 13    Int: 14    God:
Gold:   90         SH:  4    Dex: 12    Spells: 2/2 levels left

rFire   . . .        a - +0 long sword
rCold   . . .        b - +0 buckler
rNeg    . . .        (helmet restricted)
rPois   .            (no amulet)
rElec   .            (no ring)
rCorr   .            (no ring)
SInv    .            (no ring)
Will    .....        (no ring)
Stlth   ++           (no ring)
HPRegen 0.23/turn    (no ring)
MPRegen 0.08/turn    (no ring)
                     (no ring)

%: no passive effects
@: mighty
A: almost no armour, amphibious, 8 rings, camouflage 1, gelatinous body 1,
(nimble swimmer 1), tentacles, antennae 1, tentacle spike 1, clever 1, frail 1
a: no special abilities


You were on level 2 of the Dungeon.
You visited 1 branch of the dungeon, and saw 2 of its levels.

You collected 90 gold pieces.

Inventory:

Hand Weapons
 a - a +0 long sword (weapon)
Armour
 b - a +0 buckler (worn)
Scrolls
 d - a scroll of noise {unknown}
 f - a scroll of blinking {unknown}
 g - a scroll of enchant weapon {unknown}
 h - a scroll of silence {unknown}
 i - 2 scrolls of summoning
 j - 2 scrolls of identify {unknown}


   Skills:
 + Level 3.3 Fighting
 + Level 2.4 Long Blades
 + Level 3.3 Dodging
 + Level 3.3 Shields


You had 2 spell levels left.
You didn't know any spells.
Your spell library was empty.

Dungeon Overview and Level Annotations

Branches:
Dungeon (2/15)

Altars:

Annotations:
D:2 Sigmund


Innate Abilities, Weirdness & Mutations

You cannot wear most types of armour.
You are amphibious.
You can wear up to eight rings at the same time.
Your skin changes colour to match your surroundings (Stealth+).
Your rubbery body absorbs attacks. (AC +1, EV +1)
((You are camouflaged when in or above water. (Stealth+)))
You have tentacles for arms and can constrict up to eight enemies at once.
You have a pair of small antennae on your head.
One of your tentacles bears a spike.
Your mind is acute. (Int +4, Str/Dex -1)
You are frail. (-10% HP)


Message History

You kill the kobold!
Things that are here:
a +0 club; a kobold corpse You hear some strange, mumbled words.
You are confused.
Okay, then.
What are your orders? t - Shout!
Anything else - Cancel.
Okay, then.
Unknown command.
Okay, then.
You are too confused!
Unknown command.
You bump into the rock wall.
Something barely misses you.
You miss something. Your squeeze misses something. Something hits you.
You're too confused to move!
Something hits you.
You bump into the metal wall.
The kobold throws a stone.
The stone hits you.
You hit something but do no damage.
Your tentacle spike misses something.
You hear some strange, mumbled words.
Something tries to affect you, but you resist.
The kobold throws a stone.
The stone misses you.
The kobold throws a stone.
Something hits you.
You barely miss something.
You feel less confused.
Your bat dissolves into shadows!
Your ribbon worm dissolves into shadows!
Something hits you!
You hit something. Your squeeze misses something. You barely miss something.
You pierce something.
Something hits you.
* * * LOW HITPOINT WARNING * * *
What are your orders? t - Shout!
Orders for allies: a - Attack new target. r - Retreat! s - Stop attacking. g - Guard the area. f - Follow me.
Anything else - Cancel.
Okay, then.
You feel very mighty all of a sudden. Something hits you.
You die...

###..#### .......# #
#..##.# #
...#.##..##.##.####
#................#
...####.###.#####.##
#.####.# #...## .#
#.....)# ###..# .#
#.....w###{@g.###.##
.....:.#..K#.....#..#
.#...###...###...#..#
#..#...#.#...#..#..#
..###...#.#...###...#
....#...#.#...#.....#
.#####...###...###...####
.#....#.....#.#.....#...#
....).###.. #.#...###...#


You could see a kobold (ally target) and a friendly goblin (summoned).

Vanquished Creatures
  3 ball pythons
  2 endoplasms
  2 giant cockroaches
  4 hobgoblins
  5 kobolds
  2 quokkas (D:1)
  A bat (D:1)
  2 frilled lizards (D:2)
  A goblin (D:2)
  3 rats
25 creatures vanquished.

Notes
Turn   | Place    | Note
-------+----------+-------------------------------------------
     0 | D:1      | Think the Octopode Fighter began the quest for the Orb.
     0 | D:1      | Reached XP level 1. HP: 16/16 MP: 1/1
   308 | D:1      | Reached XP level 2. HP: 21/21 MP: 2/2
   815 | D:2      | Identified the -1 kite shield "Ymisoem" {rF++ Str+3 Int+3}
   828 | D:2      | Reached XP level 3. HP: 26/26 MP: 3/3
   871 | D:2      | Noticed Sigmund
   878 | D:2      | Gained mutation: One of your tentacles bears a spike.
                  | [potion of mutation]
   878 | D:2      | Gained mutation: You are frail. (-10% HP) [potion of
                  | mutation]
   878 | D:2      | Gained mutation: Your mind is acute. (Int +4, Str/Dex -1)
                  | [potion of mutation]
   878 | D:2      | Gained mutation: You have a pair of small antennae on your
                  | head. [potion of mutation]
   912 | D:2      | Slain by Sigmund

Illustrated notes

Levels and vault maps discovered:
D:1:      minmay_arrival_glassed_features, layout_basic
D:2:      layout_loops_cross, basic_altar,
          nicolae_concentric_dashed_squares_mild, nicolae_titane, uniq_sigmund

Action                     || total
---------------------------++-------
  Melee: Long sword        ||    46
         Constrict         ||    11
         Tentacles         ||     6
         Kick              ||     1
    Use: Potion            ||     2
         Scroll            ||     1
   Stab: Sleeping          ||    11
 Armour: Skin              ||    20
  Dodge: Dodged            ||    18
  Block: Buckler           ||     7
